 Dungeon Crawl Stone Soup version 0.24.0-123-gd5b16e6ec5 (webtiles) character file.

Game seed: 8876846141950211160, levelgen mode: deterministic

1365 Chiseanne the Fighter (level 8, 0/72 HPs)
             Began as a Mummy Chaos Knight on Jan 15, 2020.
             Was a Plaything of Xom.
             Slain by a wight
             ... wielding a cursed +0 dire flail
              (7 damage)
             ... on level 6 of the Dungeon.
             The game lasted 00:13:31 (5138 turns).

Chiseanne the Fighter (Mummy Chaos Knight)          Turns: 5138, Time: 00:13:31

Health: 0/72       AC:  8    Str: 15    XL:     8   Next: 38%
Magic:  8/8        EV: 10    Int: 11    God:    Xom [.....*]
Gold:   263        SH:  0    Dex: 14    Spells: 7/7 levels left

rFire    . . .     SeeInvis .   a - +1 falchion (chaos)
rCold    + . .     Gourm    .   (no shield)
rNeg     + + +     Faith    .   h - +0 scale mail
rPois    ∞         Spirit   .   c - +2 hat
rElec    .         Reflect  .   (no cloak)
rCorr    .         Harm     .   (no gloves)
MR       +....                  (no boots)
Stlth    ..........             l - amulet of magic regeneration
HPRegen  0.22/turn              b - ring of protection from fire
MPRegen  0.36/turn              (no ring)

@: no status effects
A: no food or potions, fire vulnerability, cold resistance 1, negative energy
resistance 3, torment resistance, unbreathing
a: Renounce Religion


You were on level 6 of the Dungeon.
You worshipped Xom.
You were Xom's teddy bear.
You were not hungry.

You visited 1 branch of the dungeon, and saw 6 of its levels.
You also visited: Sewer.

You collected 263 gold pieces.

Inventory:

Hand Weapons
 a - a +1 falchion of chaos (weapon)
 k - a +2 dagger of speed
 s - a +0 flail of venom
Missiles
 d - 41 sling bullets
 e - 18 bolts
 f - 36 arrows
 i - 3 boomerangs
 n - 9 poisoned darts (quivered)
 r - 69 stones {god gift}
Armour
 c - a +2 hat (worn)
 h - a +0 scale mail (worn)
 m - a scarf of repulsion
Magical Staves
 g - an uncursed staff of wizardry {god gift}
Jewellery
 b - a ring of protection from fire (left hand)
 l - an amulet of magic regeneration (around neck)
Wands
 j - a wand of flame (16)
 u - a wand of enslavement (20)
Scrolls
 o - 5 scrolls of teleportation
 p - a scroll of blinking
 q - 2 scrolls of immolation
 t - a scroll of remove curse
 v - a scroll of fear


   Skills:
 - Level 10.0 Fighting
 - Level 2.4 Long Blades
 * Level 2.7 Armour
 * Level 2.1 Dodging


You had 7 spell levels left.
You didn't know any spells.
Your spell library was empty.

Dungeon Overview and Level Annotations

Branches:
Dungeon (6/15)              Sewer (visited)
 Temple: D:4-7

Altars:
Dithmenos
Fedhas
Gozag
Makhleb
Okawaru
Qazlal
Xom
Yredelemnul
Zin

Annotations:
D:6 1 runed translucent door


Innate Abilities, Weirdness & Mutations

You do not eat or drink.
Your flesh is vulnerable to fire.
You are immune to poison.
Your flesh is cold resistant. (rC+)
You are immune to negative energy. (rN+++)
You are immune to unholy pain and torment.
You can survive without breathing.


Message History

The wight is moderately damaged.
The wight hits you with a +0 spear.
You barely miss the wight.
The wight is moderately damaged.
The wight hits you but does no damage.
You hit the wight.
The wight flickers and vanishes!
Deactivating autopickup; reactivate with Ctrl-A.
Something hits you but does no damage. x2
You barely miss something.
The wight hits you with a cursed +0 dire flail!
Something hits you.
You hit the wight but do no damage.
The wight hits you with a cursed +0 dire flail!
* * * LOW HITPOINT WARNING * * *
Something hits you.
* * * LOW HITPOINT WARNING * * *
You hit the wight. You burn the wight.
The wight is moderately damaged.
The wight hits you with a cursed +0 dire flail!
You die...

#.
.........._....#
#.............#
#......?......#
#............#
#.._.._.<....#
##__....)...##
#........###
##{z_.._##......#
##@...###......
##.###
#.....##### ###
#.###.#...#
#.#p+.#._.#
...... ##.###.#[.
.......
####......##
.r...
...........# ....
...........### #
...
###########..##


You could see a wight.

Vanquished Creatures
  A centaur (D:4)
  An ogre (D:5)
  A bullfrog (D:6)
  A water moccasin skeleton (D:5)
  A scorpion (D:6)
  3 wights (D:6)
  2 crimson imps
  3 howler monkeys
  2 hounds
  2 jellies
  An orc priest (D:6)
  An orc wizard (D:6)
  2 centaur skeletons
  A human skeleton (D:6)
  Jessica (D:3)
  Ijyb (D:3)
  4 worker ants
  A hound skeleton (D:4)
  7 river rats
  10 adders
  3 shadow imps
  2 worms
  3 dart slugs
  6 leopard geckos
  6 orcs
  6 giant cockroaches
  A goblin (D:2)
  8 hobgoblins
  3 jackals (D:3)
  3 quokkas
  4 ball pythons
  6 bats
  10 frilled lizards
  A jackal skeleton (D:6)
  2 kobolds (D:2)
  A leopard gecko zombie (D:6)
  14 rats
125 creatures vanquished.

Vanquished Creatures (collateral kills)
  A bullfrog (D:6)
  An orc priest (D:6)
  3 orcs (D:6)
  A quokka (D:6)
6 creatures vanquished.

Grand Total: 131 creatures vanquished

Notes
Turn   | Place    | Note
-------+----------+-------------------------------------------
     0 | D:1      | Chiseanne the Mummy Chaos Knight began the quest for the
                  | Orb.
     0 | D:1      | Reached XP level 1. HP: 18/18 MP: 1/1
   620 | D:1      | Reached XP level 2. HP: 24/24 MP: 2/2
   898 | D:2      | Reached skill level 4 in Fighting
  1029 | D:2      | Reached XP level 3. HP: 25/30 MP: 3/3
  1113 | D:2      | XOM: harmless Tloc miscast
  1224 | D:2      | Found an iron altar of Okawaru.
  1247 | D:2      | XOM: 3-stop teleportation journey
  1248 | D:2      | XOM: confuse monster(s)
  1258 | D:2      | You fall into a shaft and drop 2 floors!
  1281 | D:4      | Found a glowing silver altar of Zin.
  1282 | D:4      | Noticed an angel
  1286 | D:4      | Found a shimmering altar of Xom.
  1307 | D:4      | Reached skill level 5 in Fighting
  1307 | D:4      | Reached XP level 4. HP: 37/39 MP: 4/4
  1391 | D:4      | XOM: harmless Conj miscast
  1425 | D:4      | Reached XP level 5. HP: 31/46 MP: 5/5
  1544 | D:3      | XOM: god gift: thick jewelled staff {god gift}
  1580 | D:3      | Noticed Ijyb
  1580 | D:3      | Noticed Jessica
  1587 | D:3      | Killed Ijyb
  1587 | D:3      | Reached skill level 6 in Fighting
  1589 | D:3      | Killed Jessica
  1637 | D:3      | XOM: cloud trail
  1893 | D:2      | You fall into a shaft and drop 2 floors!
  1906 | D:4      | Reached XP level 6. HP: 39/53 MP: 6/6
  2104 | D:3      | Found a burning altar of Makhleb.
  2115 | D:3      | Reached skill level 7 in Fighting
  2532 | D:3      | XOM: harmless Erth miscast
  3245 | D:4      | Found a blossoming altar of Fedhas.
  3280 | D:4      | XOM: noise
  3378 | D:4      | XOM: god gift: 26 stones {god gift}
  3441 | D:5      | Entered Level 5 of the Dungeon
  3444 | D:5      | Reached skill level 8 in Fighting
  3444 | D:5      | Reached XP level 7. HP: 50/62 MP: 7/7
  3518 | D:5      | XOM: 4-stop teleportation journey
  3556 | D:5      | XOM: scenery: create altars
  3587 | D:6      | Found a runed translucent door.
  3587 | D:6      | Found a basalt altar of Yredelemnul.
  3588 | D:6      | Noticed a human
  3860 | D:6      | Reached skill level 9 in Fighting
  3885 | D:6      | Found a stormy altar of Qazlal.
  3885 | D:6      | Found an opulent altar of Gozag.
  3885 | D:6      | Found a shadowy altar of Dithmenos.
  4001 | D:6      | XOM: summons 7 friendly demons
  4011 | D:6      | Reached XP level 8. HP: 67/72 MP: 8/8
  4042 | D:6      | Found a glowing drain.
  4048 | D:6      | XOM: fog
  4064 | Sewer    | Entered a sewer
  4159 | Sewer    | Reached skill level 10 in Fighting
  4333 | Sewer    | Reached skill level 1 in Dodging
  4939 | D:6      | XOM: scenery: create altars
  4957 | D:6      | XOM: scenery: create altars
  5063 | D:6      | XOM: scenery: create altars
  5138 | D:6      | Slain by a wight

Levels and vault maps discovered:
D:1:      dpeg_arrival_tiny_c, layout_basic, chequers_serial_rivers_room_a,
          nrook_loot_triangle
D:2:      layout_loops_ring, first_ration, st_stairs_10,
          okawaru_metal_pillars_1_2
D:3:      layout_loops_ring, makhleb_heckhound_becter,
          kennysheep_generic_room_16, uniq_ijyb, uniq_jessica
D:4:      layout_rooms, grunt_temple_overflow_order_and_chaos_1,
          minmay_misc_feat_encased, nrook_campfire, serial_bayou_pond_d,
          fedhas_bush_and_centaur_altar
D:5:      layout_gridville, uniq_edmund
D:6:      layout_cave_pods, lemuel_crystal_altar,
          gammafunk_temple_overflow_claw, portal_sewer_entry_b,
          dk_yredelemnul_ordeal

Skill      XL: |  1  2  3  4  5  6  7  8 |
---------------+-------------------------+-----
Fighting       | 4 5 6 8 9 10 | 10.0
Dodging        | 2 |  2.1
Armour         | 2 |  2.7
Long Blades    | |  2.4

Action                   |  1- 3 |  4- 6 |  7- 9 || total
-------------------------+-------+-------+-------++-------
Melee: Falchion          |    71 |   165 |   254 ||   490
Evoke: Wand              |       |       |     2 ||     2
  Use: Scroll            |     3 |     9 |     2 ||    14
 Stab: Paralysed         |       |     3 |       ||     3
       Confused          |       |       |     2 ||     2
Armor: Leather armour    |     7 |       |       ||     7
       Scale mail        |    44 |    89 |   148 ||   281
Dodge: Dodged            |    48 |    74 |   115 ||   237
       Rpst.: Falchion   |    17 |    25 |    34 ||    76
